 Dungeon Crawl Stone Soup version 0.18-a0-1203-gbde16db (webtiles) character file.

45 4thArraOfDagon the Skirmisher (level 3, 0/31 HPs)
             Began as a Minotaur Ice Elementalist on Jan 31, 2016.
             Was a Follower of Ashenzari.
             Succumbed to a worker ant's poison
             ... on level 4 of the Dungeon.
             The game lasted 00:05:01 (902 turns).

4thArraOfDagon the Skirmisher (MiIE)                 Turns: 902, Time: 00:05:01

Health: 0/31       AC:  5    Str: 12    XL:     3   Next: 42%
Magic:  1/4        EV: 10    Int: 12    God:    Ashenzari [*.....]
Gold:   83         SH:  0    Dex: 11    Spells: 1 memorised, 3 levels left

rFire  . . .     SeeInvis .     m - +2 dagger (venom)
rCold  . . .     Gourm    .     e - +0 ring mail (curse)
rNeg   . . .     Faith    .     (no shield)
rPois  .         Spirit   .     (helmet restricted)
rElec  .         Dismiss  .     (no cloak)
rCorr  .         Reflect  .     (no gloves)
SustAt .         Harm     .     (no boots)
MR     .....                    (no amulet)
Stlth  +.........               (no ring)
                                (no ring)

@: lethally poisoned (0 -> -2), not resistant to hostile enchantments, very
unstealthy
A: retaliatory headbutt, horns 2
a: Scrying, Renounce Religion


You were on level 4 of the Dungeon.
You worshipped Ashenzari.
Ashenzari was aware of your devotion.
You were not hungry.

You visited 1 branch of the dungeon, and saw 4 of its levels.

You collected 83 gold pieces.

Inventory:

Hand Weapons
 m - a +2 dagger of venom (weapon)
Missiles
 h - 7 needles of sleeping
Armour
 a - a +0 robe
 e - a cursed +0 ring mail (worn)
 o - a +0 plate armour
Jewellery
 p - an uncursed ring of flight
Scrolls
 d - a scroll of identify
 f - 3 scrolls of immolation
 i - a scroll of remove curse
 j - a scroll of magic mapping
 k - a scroll of random uselessness
Potions
 l - a potion of brilliance
Books
 b - a book of Frost

   Spells                             Type                      Level
   a - Freeze                         Ice                          1
   b - Throw Frost                    Conjuration/Ice              2
   c - Ozocubu's Armour               Charms/Ice                   3
   d - Throw Icicle                   Conjuration/Ice              4
   e - Summon Ice Beast               Ice/Summoning                4
   f - Condensation Shield            Ice                          4
Comestibles
 c - 3 bread rations
 g - a slice of pizza
 n - 3 meat rations


   Skills:
 + Level 3.3 Fighting
 + Level 1.4 Armour
 - Level 2.1 Dodging
 - Level 1.5 Stealth
 - Level 1.3 Spellcasting
   Level 0.6 Conjurations
 - Level 2.1 Ice Magic


You had 3 spell levels left.
You knew the following spells:

 Your Spells              Type           Power        Failure   Level  Hunger
a - Freeze                Ice            #...         28%         1    ##.....


Dungeon Overview and Level Annotations

Branches:
Dungeon (4/15)
 Temple: D:4-7

Altars:
Ashenzari


Innate Abilities, Weirdness & Mutations

You reflexively headbutt those who attack you in melee.
You have a pair of horns on your head.


Message History

Okay, then.
Read which item? (? for menu, Esc to quit)
As you read the scroll labeled EGOUBI XENEOCI, it crumbles to dust.
It is a scroll of amnesia.
Forget which spell ([?*] list [ESC] exit)?
Forget which spell ([?*] list [ESC] exit)?
Okay, then.
Read which item? (? for menu, Esc to quit)
As you read the scroll labeled NUAJYB UJ WUUC, it crumbles to dust.
It is a scroll of recharging.
You aren't carrying any rechargeable items.
Read which item? (? for menu, Esc to quit)
As you read the scroll labeled GUDICS QOUPO, it crumbles to dust.
The scroll dissolves into smoke.
It was a scroll of fog.
* * * LOW HITPOINT WARNING * * *
You feel sick.
* * * LOW HITPOINT WARNING * * *
You feel sick.
Unknown command.
You die...

#.##..# #.# #.#
#.###.########## #.#
######..
....#.#........#
#.####.......
#####.#..§.....#
#.##.........
....#.#§§§.....#
#.##.#.......
#...§§§§.....#
#.##.#.......
#.###§§§§....#
#....######## #.
#§§.....?###########
# #.........@......#
#........#######.#
##########


There were no monsters in sight!

Vanquished Creatures
  A worker ant (D:4)
  An adder (D:2)
  3 bats
  A giant cockroach (D:2)
  2 hobgoblins (D:1)
  2 kobolds
  2 giant newts
  A rat (D:2)
13 creatures vanquished.

Notes
Turn   | Place    | Note
--------------------------------------------------------------
     0 | D:1      | 4thArraOfDagon the Minotaur Ice Elementalist began the quest for the Orb.
     0 | D:1      | Reached XP level 1. HP: 14/14 MP: 1/1
   140 | D:3      | Reached skill level 1 in Fighting
   161 | D:3      | Noticed an orc priest
   253 | D:2      | Found a faded altar to an unknown god.
   258 | D:2      | Became a worshipper of Ashenzari the Shackled
   258 | D:2      | Reached * piety under Ashenzari
   258 | D:2      | meh
   295 | D:2      | Reached XP level 2. HP: 19/25 MP: 0/3
   889 | D:4      | Reached skill level 3 in Fighting
   889 | D:4      | Reached skill level 1 in Armour
   889 | D:4      | Reached XP level 3. HP: 3/31 MP: 0/4
   894 | D:4      | HP: 1/31 [poisoned by a worker ant]
   902 | D:4      | Succumbed to a worker ant's poison

Vault maps used:
D:1:      tarquinn_simple_flora_water_c
D:2:      ecumenical_altar_1
D:4:      lemuel_coloured_pillars_altar, minmay_temple_entry_trees, first_bread

Action                   || total
-------------------------++-------
Melee: Unarmed           ||    10
       Dagger            ||    13
 Cast: Freeze            ||     8
  Use: Scroll            ||     8
       Potion            ||     1
